 Dungeon Crawl Stone Soup version 0.24.1-8-ga250c9d538 (webtiles) character file.

Game seed: 1005630688221949633, levelgen mode: deterministic

403 Hugehornet the Insei (level 6, 0/38 HPs)
             Began as an Octopode Transmuter on May 1, 2020.
             Slain by a phantom (7 damage)
             ... on level 5 of the Dungeon.
             The game lasted 00:12:26 (6256 turns).

Hugehornet the Insei (Octopode Transmuter)          Turns: 6256, Time: 00:12:26

Health: 0/38       AC:  1    Str:  9    XL:     6   Next: 86%
Magic:  9/9        EV: 13    Int: 17    God:
Gold:   193        SH:  0    Dex: 10    Spells: 3/9 levels left

rFire    . . .     SeeInvis .     - Unarmed
rCold    . . .     Gourm    .   (no shield)
rNeg     . . .     Faith    .   (helmet restricted)
rPois    .         Spirit   .   (no amulet)
rElec    .         Reflect  .   f - -3 ring of dexterity (curse)
rCorr    +         Harm     .   h - ring of resist corrosion
MR       .....                  o - ring of flight
Stlth    ++........             (no ring)
HPRegen  0.12/turn              (no ring)
MPRegen  0.11/turn              (no ring)
                                (no ring)
                                (no ring)

@: appendage, hasted, very quick
A: almost no armour, stealthy swim, amphibious, 8 rings, constrict 8, tentacle
spike 3, camouflage 1, gelatinous body 1
a: End Transformation, Evoke Flight


You were on level 5 of the Dungeon.
You were not hungry.
One of your tentacles had a temporary spike.
You visited 1 branch of the dungeon, and saw 5 of its levels.

You collected 193 gold pieces.

Inventory:

Missiles
 a - 30 arrows
Armour
 e - a +0 buckler
Jewellery
 f - a cursed -3 ring of dexterity (left tentacle)
 h - a ring of resist corrosion (right tentacle)
 l - an uncursed amulet of guardian spirit
 o - a ring of flight (on tentacle)
Wands
 t - a wand of paralysis (11)
Scrolls
 b - 2 scrolls of fog {unknown}
 d - a scroll of teleportation {unknown}
 g - a scroll of immolation {unknown}
 i - 3 scrolls of enchant armour {unknown}
 j - a scroll of remove curse {unknown}
 n - a scroll of magic mapping
 u - a scroll of blinking
Potions
 k - a potion of berserk rage
 m - a potion of flight {unknown}
 p - 2 potions of curing {unknown}
 q - a potion of resistance {unknown}
 r - 2 potions of haste
 s - a potion of heal wounds {unknown}
Comestibles
 c - 12 rations


   Skills:
 - Level 1.0 Fighting
 - Level 2.0 Dodging
 + Level 5.3 Unarmed Combat
 - Level 2.0 Spellcasting
 - Level 5.0 Transmutations
 - Level 2.0 Poison Magic


You had 3 spell levels left.
You knew the following spells:

 Your Spells              Type           Power        Failure   Level  Hunger
a - Beastly Appendage     Tmut           ###...       2%          1    #......
b - Sticks to Snakes      Tmut           ###.....     3%          2    ###....
c - Spider Form           Tmut/Pois      ##........   13%         3    ###....

Your spell library contained the following spells:

 Spells                   Type           Power        Failure   Level  Hunger
 Blade Hands              Tmut           ###.......   54%         5    ######.
 Ice Form                 Ice/Tmut       ##......     56%         4    #####..


Dungeon Overview and Level Annotations

Branches:
Dungeon (5/15)
 Temple: D:4-7

Altars:
Makhleb

Annotations:
D:3 2 runed translucent doors, Hugehornet's ghost, amateur GrFi
D:5 Edmund


Innate Abilities, Weirdness & Mutations

You cannot wear most types of armour.
You are very stealthy in the water. (Stealth+)
You are amphibious.
You can wear up to eight rings at the same time.
You can use your tentacles to constrict eight enemies at once.
Your skin changes colour to match your surroundings (Stealth+).
Your rubbery body absorbs attacks. (AC +1, EV +1)
One of your tentacles bears a large vicious spike.


Message History

You tentacle-slap the phantom.
You pierce the phantom.
The phantom is heavily damaged.
The phantom barely misses you.
You barely miss the phantom. Your squeeze misses the phantom.
The phantom is heavily damaged.
You closely miss the phantom.
Your tentacle spike misses the phantom.
The phantom is heavily damaged.
The phantom hits you!
* * * LOW HITPOINT WARNING * * *
You tentacle-slap the phantom.
The phantom is severely damaged.
The phantom misses you.
You tentacle-slap the phantom.
Your tentacle spike misses the phantom.
You squeeze the phantom.
The phantom is almost destroyed.
You tentacle-slap the phantom but do no damage.
Your squeeze misses the phantom.
The phantom is almost destroyed.
The phantom hits you!
You die...

#.# ##.## ##...##
#####.....########
..................
#######...#######. #.
#....### #. ####)##.##
##.######..W@))..#
..........#.#.#..##
.#.#####..........#
#.##.##..#.#.#....#
#.##.#.#...#...............
..............#.#.#........
#.##.###...#...............
#.###..##.###.......#...
#.........# ##.....##...


You could see a phantom.

Vanquished Creatures
  A scorpion (D:4)
  A hound (D:4)
  A centaur skeleton (D:5)
  An iguana (D:4)
  An orc wizard (D:5)
  2 worker ants
  A hound skeleton (D:4)
  A gnoll (D:1)
  5 adders
  2 oozes
  An adder skeleton (D:4)
  4 worms
  A leopard gecko (D:2)
  3 orcs (D:5)
  10 bats
  3 giant cockroaches
  11 hobgoblins
  4 jackals (D:3)
  8 kobolds
  5 quokkas
  6 ball pythons
  7 frilled lizards
  12 goblins
  A quokka zombie (D:5)
  A rat (D:1)
93 creatures vanquished.

Vanquished Creatures (collateral kills)
  2 adders (D:5)
  3 orcs (D:3)
  A giant cockroach (D:3)
6 creatures vanquished.

Grand Total: 99 creatures vanquished

Notes
Turn   | Place    | Note
-------+----------+-------------------------------------------
     0 | D:1      | Hugehornet the Octopode Transmuter began the quest for the
                  | Orb.
     0 | D:1      | Reached XP level 1. HP: 13/13 MP: 3/3
   128 | D:1      | Reached XP level 2. HP: 8/18 MP: 1/5
   712 | D:1      | Reached XP level 3. HP: 19/23 MP: 6/6
  2002 | D:2      | Learned a level 2 spell: Sticks to Snakes
  2006 | D:2      | Learned a level 3 spell: Spider Form
  2136 | D:2      | Reached XP level 4. HP: 28/28 MP: 5/7
  3297 | D:3      | Found a runed translucent door.
  3297 | D:3      | Noticed Hugehornet's ghost (amateur GrFi)
  3298 | D:3      | Noticed a bullfrog
  3362 | D:3      | Found a runed translucent door.
  3404 | D:3      | Reached skill level 5 in Transmutations
  3407 | D:3      | Reached XP level 5. HP: 29/33 MP: 8/8
  4153 | D:4      | Reached skill level 1 in Poison Magic
  4281 | D:4      | Reached XP level 6. HP: 25/38 MP: 5/9
  4861 | D:3      | Found a burning altar of Makhleb.
  5364 | D:5      | Entered Level 5 of the Dungeon
  5396 | D:5      | Noticed Edmund
  5400 | D:5      | Noticed a phantom
  5547 | D:5      | Reached skill level 5 in Unarmed Combat
  6256 | D:5      | Slain by a phantom

Levels and vault maps discovered:
D:1:      dpeg_arrival_fog, layout_basic, minmay_tetromino_o2
D:2:      layout_loops_ring
D:3:      lemuel_upstairs_altar, layout_loops_cross, ebering_ghost_sewer_f
D:4:      layout_loops_ring
D:5:      minmay_clustersquares, layout_loops_corners, first_ration,
          serial_glass, glass_columns_b, glass_columns_c,
          chequers_hall_statues_wall_a, uniq_edmund

Skill      XL: |  1  2  3  4  5  6 |
---------------+-------------------+-----
Transmutations | 3 4 5 |  5.0
Poison Magic   | 2 |  2.0
Unarmed Combat | 4 5 |  5.3
Fighting       | |  1.0
Dodging        | |  2.0
Spellcasting   | |  2.0

Action                   |  1- 3 |  4- 6 || total
-------------------------+-------+-------++-------
Melee: Unarmed           |    94 |   206 ||   300
       Constrict         |    18 |    30 ||    48
       Kick              |    22 |    31 ||    53
       Punch             |     4 |     4 ||     8
       Tentacles         |     8 |    21 ||    29
 Cast: Beastly Appendage |    27 |    45 ||    72
       Sticks to Snakes  |       |    19 ||    19
       Spider Form       |       |     2 ||     2
  Use: Scroll            |     3 |     2 ||     5
       Potion            |       |     1 ||     1
 Stab: Sleeping          |     8 |     9 ||    17
  Eat: Chunk             |     3 |    10 ||    13
       Ration            |       |     2 ||     2
Armor: Skin              |     6 |    18 ||    24
Dodge: Dodged            |    53 |   130 ||   183
